 Dungeon Crawl Stone Soup version 0.26.1 (webtiles) character file.

Game seed: 15691463579210371283

219 pbellow the Skirmisher (level 5, -4/47 HPs)
             Began as a Hill Orc Fighter on Feb 4, 2021.
             Was an Initiate of Beogh.
             Slain by Gadfly's ghost (10 damage)
             ... on level 3 of the Dungeon.
             The game lasted 00:08:19 (3017 turns).

pbellow the Skirmisher (Hill Orc Fighter)           Turns: 3017, Time: 00:08:20

Health: -4/47      AC: 10    Str: 20    XL:     5   Next: 96%
Magic:  5/5        EV:  5    Int:  8    God:    Beogh [......]
Gold:   145        SH:  9    Dex: 10    Spells: 4/4 levels left

rFire    . . .     SeeInvis .   m - +2 mace (drain)
rCold    . . .     Faith    .   c - +0 kite shield
rNeg     . . .     Spirit   .   g - +0 chain mail
rPois    .         Reflect  .   (no helmet)
rElec    .         Harm     .   (no cloak)
rCorr    .         Rampage  .   (no gloves)
Will     .....                  s - +0 pair of boots (curse)
Stlth    ..........             (no amulet)
HPRegen  0.15/turn              (no ring)
MPRegen  0.09/turn              (no ring)

@: brilliant
A: no striking features
a: Renounce Religion


You were on level 3 of the Dungeon.
You worshipped Beogh.
Beogh was noncommittal.
You visited 1 branch of the dungeon, and saw 3 of its levels.

You collected 145 gold pieces.

Inventory:

Hand Weapons
 a - a +0 war axe
 m - a +2 mace of draining (weapon)
 p - a +0 flail
 q - a +0 hand axe
Armour
 b - a +0 scale mail
 c - a +0 kite shield (worn)
 g - a +0 chain mail (worn)
 s - a cursed +0 pair of boots (worn)
Scrolls
 i - a scroll of enchant weapon {unknown}
 l - a scroll of enchant armour {unknown}
 o - 2 scrolls of identify {unknown}
 r - a scroll of teleportation
Potions
 d - a potion of might
 f - a potion of degeneration {unknown}
 h - a potion of attraction {unknown}
 j - 2 potions of mutation {unknown}
 k - 2 potions of flight {unknown}
 n - 2 potions of resistance {unknown}
 t - a potion of curing {unknown}
 u - a potion of magic {unknown}


   Skills:
 + Level 4.7 Fighting
 - Level 3.4(4.1) Axes
 * Level 2.6(3.2) Maces & Flails
 + Level 4.3 Armour
 - Level 0.2 Dodging
 + Level 0.1 Stealth
 + Level 4.4 Shields


You had 4 spell levels left.
You didn't know any spells.
Your spell library was empty.

Dungeon Overview and Level Annotations

Branches:
Dungeon (3/15)

Altars:
Cheibriados

Annotations:
D:3 Gadfly's ghost, amateur OgGl


Message History

You barely miss Gadfly's ghost.
Gadfly's ghost is almost destroyed.
Gadfly's ghost hits you.
* * * LOW HITPOINT WARNING * * *
You barely miss Gadfly's ghost.
Gadfly's ghost is almost destroyed.
Gadfly's ghost barely misses you.
You barely miss Gadfly's ghost.
Gadfly's ghost is almost destroyed.
Gadfly's ghost completely misses you. You block Gadfly's ghost's attack.
You barely miss Gadfly's ghost.
Gadfly's ghost is almost destroyed.
Gadfly's ghost hits you.
* * * LOW HITPOINT WARNING * * *
Gadfly's ghost lets out a mournful wail.
Gadfly's ghost hits you but does no damage.
You completely miss Gadfly's ghost.
Gadfly's ghost is almost destroyed.
Gadfly's ghost hits you!
You die...

# #...# #.# #.#
#.# # ###.# #.#
#.# #.# # #.# #.#
#.# #.# #.# #.#
#.# #.# # #####.#
#.######.#####.# #
......######
#.............)# #
...........#
######.###.###(# #
#####.####.#
#....# #..o..# #
......# #.#
#@##.###)###>#
####### #.#
#W##.....# #.# #.#
#.####.### #.# #.#
#.###...####(####
#.#
#...............##
#.#
#####...####......
#.# ##.......##o##
#.# ###.#......).
#.# #.###.##.##


You could see Gadfly's ghost.

Vanquished Creatures
  A sky beast (D:2)
  3 gnolls (D:3)
  3 adders
  An ooze (D:2)
  A dart slug (D:2)
  2 worms (D:2)
  2 leopard geckos
  3 orcs (D:3)
  A ball python (D:2)
  11 bats
  7 goblins
  7 hobgoblins
  7 frilled lizards
  8 kobolds
  5 rats
  2 bushes (D:2)
64 creatures vanquished.

Vanquished Creatures (others)
  An orc (D:3)
  A rat (D:3)
  A plant (D:2)
3 creatures vanquished.

Grand Total: 67 creatures vanquished

Notes
Turn   | Place    | Note
-------+----------+-------------------------------------------
     0 | D:1      | pbellow the Hill Orc Fighter began the quest for the Orb.
     0 | D:1      | Reached XP level 1. HP: 19/19 MP: 1/1
   180 | D:1      | Reached XP level 2. HP: 27/27 MP: 2/2
   684 | D:1      | Reached XP level 3. HP: 33/33 MP: 3/3
  1327 | D:2      | Reached XP level 4. HP: 40/40 MP: 4/4
  1569 | D:2      | Noticed a sky beast
  1581 | D:2      | Killed a sky beast
  1582 | D:2      | Reached skill level 1 in Maces & Flails
  1582 | D:2      | Reached XP level 5. HP: 43/47 MP: 5/5
  1805 | D:2      | Found a snail-covered altar of Cheibriados.
  2186 | D:3      | Became a worshipper of Beogh the Brigand
  2722 | D:3      | Found a runed translucent door.
  2726 | D:3      | Noticed Gadfly's ghost (amateur OgGl)
  2988 | D:3      | HP: 2/47 [Gadfly's ghost (2)]
  3017 | D:3      | Slain by Gadfly's ghost

Illustrated notes

Levels and vault maps discovered:
D:1:      dpeg_arrival_signposts, layout_basic, minmay_ruptured
D:2:      layout_loops_ring, marbit_many_paths, serial_forest,
          infiniplex_forest_end_1, infiniplex_forest_clump_curved,
          infiniplex_forest_fountain, infiniplex_forest_lined_2,
          infiniplex_forest_lined_room_2, infiniplex_forest_side_room,
          infiniplex_forest_straight_2, infiniplex_forest_clump_double
D:3:      layout_loops_ring, ebering_ghost_reflecting_pool

Skill      XL: |  1  2  3  4  5 |
---------------+----------------+-----
Fighting       | 4 |  4.7
Axes           | 3 |  3.4
Maces & Flails | 1 2 |  2.6
Armour         | 4 |  4.3
Shields        | 4 |  4.4
Dodging        | |  0.2
Stealth        | |  0.1

Action                   |  1- 3 |  4- 6 || total
-------------------------+-------+-------++-------
Melee: War axe           |    85 |       ||    85
       Mace              |     9 |   264 ||   273
Invok: Convert to Beogh  |       |     1 ||     1
  Use: Scroll            |       |     1 ||     1
       Potion            |       |     1 ||     1
Armor: Scale mail        |    46 |    32 ||    78
       Chain mail        |       |    24 ||    24
Dodge: Dodged            |    40 |    24 ||    64
Block: Kite shield       |    62 |    65 ||   127
